 Dungeon Crawl Stone Soup version 0.17-a0-1-g1f4be75 (webtiles) character file.

3874 timbw the Summoner (level 10, 37/37 HPs)
             Began as a Felid Summoner on Mar 4, 2015.
             Was a High Priest of Sif Muna.
             Quit the game on level 5 of the Lair of Beasts.
             The game lasted 00:36:22 (5293 turns).

timbw the Summoner (Felid Summoner)                 Turns: 5293, Time: 00:36:22

Health: 37/37      AC:  2    Str:  4    XL:     10   Next: 0%
Magic:  26/26      EV: 30    Int: 20    God:    Sif Muna [*****.]
Gold:   716        SH:  0    Dex: 23    Spells: 6 memorised, 3 levels left
                                        Lives:  1   Deaths: 1

rFire  . . .     SeeInvis +     (weapon unavailable)
rCold  . . .     Clarity  .     (armour unavailable)
rNeg   . . .     SustAb   .     (shield unavailable)
rPois  +         Gourm    .     (helmet unavailable)
rElec  .         Spirit   .     (cloak unavailable)
rCorr  +         Warding  .     (gloves unavailable)
rMut   .         Stasis   .     (boots unavailable)
MR     +....                    l - amulet of resist corrosion
Stlth  +++++.....               t - ring of poison resistance
                                D - +6 ring of dexterity

@: quick, somewhat resistant to hostile enchantments, quite stealthy
A: paw claws, no armour, no weapons or thrown items, fangs 3, see invisible,
carnivore 3, speed 1, shaggy fur 2, slow metabolism 1, sharp paws
a: Channel Energy, Forget Spell, Renounce Religion


You were on level 5 of the Lair of Beasts.
You worshipped Sif Muna.
Sif Muna was extremely pleased with you.
You were not hungry.

You visited 3 branches of the dungeon, and saw 17 of its levels.

You collected 716 gold pieces.

Inventory:

Jewellery
 g - an uncursed ring of teleport control
 l - an amulet of resist corrosion (around neck)
 t - a ring of poison resistance (right paw)
 D - a +6 ring of dexterity (left paw)
 F - an uncursed ring of magical power
 G - an uncursed ring of wizardry
Magical devices
 e - a wand of heal wounds (1)
 x - a wand of frost (17)
 C - a wand of lightning (2)
Scrolls
 a - a scroll of teleportation
 f - 2 scrolls of amnesia
 n - a scroll of noise
 r - 3 scrolls of remove curse
 s - a scroll of vulnerability
 v - a scroll of fog
 y - a scroll of magic mapping
 z - a scroll of fear
Potions
 d - 2 potions of flight
 j - a potion of haste
 m - a potion of cancellation {unknown}
 o - a potion of cure mutation {unknown}
 p - 3 potions of heal wounds
 q - a potion of magic {unknown}
 u - 2 potions of restore abilities {unknown}
 w - a potion of invisibility {unknown}
 B - 2 potions of curing
 E - a potion of agility {unknown}
Books
 b - a book of Callings

   Spells                             Type                      Level
   a - Summon Small Mammal            Summoning                    1
   b - Call Imp                       Summoning                    2
   c - Call Canine Familiar           Summoning                    3
   d - Summon Guardian Golem          Hexes/Summoning              4
   e - Summon Lightning Spire         Summoning/Air                4
   f - Summon Ice Beast               Ice/Summoning                4
 H - an Akashic Record {highlevel, unknown}

   This book is beyond your current level of understanding.

   Spells                             Type                      Level
   a - Dispersal                      Translocation                6
   b - Controlled Blink               Translocation                7
   c - Malign Gateway                 Summoning/Translocation      7
   d - Disjunction                    Translocation                8
   e - Singularity                    Translocation                9
Miscellaneous
 h - a plain deck of summoning
 I - a lantern of shadows
Comestibles
 c - 6 meat rations
 i - 2 beef jerkies
 k - 12 chunks of flesh
 A - a slice of pizza


   Skills:
 + Level 10.5 Dodging
 - Level 6.2 Stealth
 - Level 6.0 Spellcasting
 * Level 12.7 Summonings
 + Level 3.9 Invocations


You had 3 spell levels left.
You knew the following spells:

 Your Spells              Type           Power        Failure   Level  Hunger
a - Summon Small Mammal   Summ           ####         1%          1    None
b - Call Imp              Summ           ######..     1%          2    None
c - Call Canine Familiar  Summ           ######..     1%          3    ##.....
d - Summon Lightning Spi  Summ/Air       ####....     10%         4    ####...
e - Summon Ice Beast      Ice/Summ       ####....     10%         4    ####...
f - Summon Guardian Gole  Hex/Summ       ####....     10%         4    ####...


Dungeon Overview and Level Annotations

Branches:
Dungeon (11/15)            Temple (1/1) D:4            Lair (5/8) D:11
  Swamp (0/5) Lair:5        Snake (0/5) Lair:3
    Orc: D:9-12

Altars:
Dithmenos
Makhleb
Nemelex Xobeh
Okawaru
Sif Muna
The Shining One

Shops:
D:8 %

Annotations:
Lair:5 Snorg


Innate Abilities, Weirdness & Mutations

You cannot wear armour.
You are incapable of wielding weapons or throwing items.
You have razor-sharp teeth.
You have supernaturally acute eyesight.
You are carnivorous and can eat meat at any time.
You cover ground quickly.
You are covered in thick fur (AC +2).
You have a slow metabolism.
Your paws have sharp claws that are effective at stabbing.


Message History

Your surroundings seem slightly different.
Snorg barely misses you. Snorg claws you. Snorg claws you but does no damage.
The water moccasin barely misses you.
Your ice beast hits Snorg.
Your ice beast freezes Snorg!
The water moccasin completely misses you.
Snorg rages.
The water moccasin misses you.
Your ice beast barely misses Snorg.
Snorg completely misses you. x2
Snorg closely misses you. Something bites your ice beast.
Your ice beast hits the water moccasin.
Your ice beast freezes the water moccasin!
Snorg misses you. x2
Snorg claws you!
You die...
You are now level 10!
You rejoin the land of the living...
Found 21 gold pieces.
Unknown command.
Are you sure you want to abandon this character and quit the game? (Confirm with "yes".)

.....#..§§.........<..P.....#....
.P......§§..§..8...#P....##.###..
...#.....§§.§###....P....# ##.
.#.###...§§..# ####P...#.# ##
...##..##§...# ###.#.## #
...###.#§...#### #####
...##.......##.# ##
...............##.#.##
................@....#
....P.......##.###......$
...#P.......#### .####
.............# # ....#..P.....#
....#....##PP# ...####P######
.#.## ### ....#


There were no monsters in sight!

Vanquished Creatures
  A giant mite (D:4)
  4 bats
  A giant cockroach (D:5)
  A giant newt (D:1)
  2 goblins (D:3)
  A kobold (D:1)
  4 rats
14 creatures vanquished.

Vanquished Creatures (collateral kills)
  A hill giant (D:10)
  3 black mambas
  5 spiny frogs
  5 komodo dragons
  9 blink frogs
  2 giant leeches (Lair:3)
  A two-headed ogre (D:9)
  2 hippogriffs
  A basilisk (Lair:3)
  21 yaks
  2 hungry ghosts
  5 water moccasins
  10 wolves
  5 orc warriors
  9 porcupines
  8 crocodiles
  An ogre (D:5)
  Duvessa (D:9)
  8 giant frogs
  Dowan (D:9)
  2 hounds
  3 orc priests
  3 iguanas
  2 orc wizards
  6 worker ants
  A lightning spire (Lair:4)
  A killer bee zombie (D:9)
  7 adders
  14 river rats
  3 shadow imps (D:5)
  An adder skeleton (D:9)
  A giant gecko (D:6)
  19 orcs
  A bat zombie (D:5)
  2 goblins
  3 hobgoblins
  8 jackals
  A kobold (D:4)
  6 quokkas
  A ball python (D:4)
  4 bats
  2 giant newts (D:4)
  A quokka skeleton (D:5)
  A rat (D:4)
  A fungus (Lair:5)
  A plant (Lair:5)
195 creatures vanquished.

Vanquished Creatures (others)
  2 wargs (Lair:5)
  17 wolves
  38 ice beasts
  17 crimson imps
  24 hounds
  4 iron imps
  10 lightning spires
  8 shadow imps
  9 white imps
  3 bats
  A giant newt (D:11)
  20 quokkas
  6 rats
159 creatures vanquished.

Grand Total: 368 creatures vanquished

Notes
Turn   | Place    | Note
--------------------------------------------------------------
     0 | D:1      | timbw, the Felid Summoner, began the quest for the Orb.
     0 | D:1      | Reached XP level 1. HP: 7/7 MP: 4/4
   131 | D:2      | Found a sparkling altar of Nemelex Xobeh.
   415 | D:4      | Found a staircase to the Ecumenical Temple.
   419 | D:4      | Reached XP level 2. HP: 11/11 MP: 2/5
   423 | Temple   | Entered the Ecumenical Temple
   427 | Temple   | Became a worshipper of Sif Muna the Loreminder
   432 | Temple   | Learned a level 2 spell: Call Imp
   473 | D:4      | Noticed a worker ant
   488 | D:4      | Killed a worker ant
   609 | D:4      | Found a glowing golden altar of the Shining One.
   643 | D:4      | Reached skill level 5 in Summonings
   643 | D:4      | Reached XP level 3. HP: 12/14 MP: 1/8
   648 | D:4      | Learned a level 3 spell: Call Canine Familiar
   752 | D:5      | Entered Level 5 of the Dungeon
   900 | D:5      | Reached XP level 4. HP: 14/18 MP: 2/10
   966 | D:5      | Reached skill level 6 in Summonings
  1058 | D:5      | Noticed an ogre
  1174 | D:5      | Killed an ogre
  1174 | D:5      | Acquired Sif Muna's first power
  1174 | D:5      | Reached XP level 5. HP: 18/21 MP: 2/12
  1253 | D:7      | Noticed an orc warrior
  1274 | D:7      | Killed an orc warrior
  1286 | D:7      | Reached skill level 7 in Summonings
  1438 | D:8      | Gained mutation: You are covered in thick fur (AC +2). [growing up]
  1438 | D:8      | Reached XP level 6. HP: 22/24 MP: 5/14
  1477 | D:8      | Found Nygid's Food Shoppe.
  1556 | D:9      | Noticed Dowan
  1565 | D:9      | Noticed Duvessa
  1568 | D:9      | Killed Dowan
  1583 | D:9      | Killed Duvessa
  1955 | D:9      | Noticed a two-headed ogre
  1965 | D:9      | Killed a two-headed ogre
  1965 | D:9      | Reached XP level 7. HP: 7/27 MP: 9/17
  1974 | D:9      | Learned a level 4 spell: Summon Lightning Spire
  1994 | D:10     | Entered Level 10 of the Dungeon
  2190 | D:10     | Reached skill level 8 in Summonings
  2205 | D:10     | Noticed a hill giant
  2221 | D:10     | Killed a hill giant
  2221 | D:10     | Acquired Sif Muna's second power
  2309 | D:10     | Reached skill level 5 in Dodging
  2309 | D:10     | Reached skill level 5 in Stealth
  2309 | D:10     | Reached XP level 8. HP: 20/31 MP: 5/20
  2318 | D:11     | Found a staircase to the Lair.
  2551 | Lair:1   | Entered Level 1 of the Lair of Beasts
  2569 | Lair:1   | Noticed a spiny frog
  2601 | Lair:1   | Reached skill level 9 in Summonings
  2645 | Lair:1   | Learned a level 4 spell: Summon Ice Beast
  2738 | Lair:1   | Killed a spiny frog
  2980 | Lair:1   | Noticed a komodo dragon
  3000 | Lair:1   | Killed a komodo dragon
  3257 | Lair:2   | Reached XP level 9. HP: 32/34 MP: 8/23
  3314 | Lair:2   | Noticed a spiny frog
  3325 | Lair:2   | Killed a spiny frog
  3325 | Lair:2   | Reached skill level 10 in Summonings
  3353 | Lair:2   | Noticed a black mamba
  3370 | Lair:2   | Killed a black mamba
  3418 | Lair:2   | Noticed a spiny frog
  3435 | Lair:2   | Reached skill level 5 in Spellcasting
  3447 | Lair:2   | Killed a spiny frog
  3447 | Lair:2   | Acquired Sif Muna's third power
  3853 | Lair:3   | Found a staircase to the Snake Pit.
  4066 | Lair:3   | Reached skill level 11 in Summonings
  4140 | Lair:3   | Noticed a komodo dragon
  4154 | Lair:3   | Killed a komodo dragon
  4334 | Lair:3   | Reached XP level 10. HP: 34/37 MP: 14/26
  4364 | Lair:4   | Noticed a black mamba
  4386 | Lair:4   | Killed a black mamba
  4475 | Lair:4   | Reached skill level 1 in Invocations
  4553 | Lair:4   | Noticed a black mamba
  4563 | Lair:4   | Killed a black mamba
  4684 | Lair:4   | Reached skill level 12 in Summonings
  4710 | Lair:4   | Learned a level 4 spell: Summon Guardian Golem
  4982 | Lair:5   | Reached skill level 10 in Dodging
  5039 | Lair:5   | Found a staircase to the Swamp.
  5248 | Lair:5   | Reached XP level 11. HP: 27/40 MP: 8/27
  5256 | Lair:5   | Noticed Snorg
  5292 | Lair:5   | Slain by Snorg
  5293 | Lair:5   | Reached XP level 10. HP: 0/37 MP: 3/26
  5293 | Lair:5   | Quit the game

Action                   |  1- 3 |  4- 6 |  7- 9 | 10-12 || total
-------------------------+-------+-------+-------+-------++-------
Melee: Unarmed           |    43 |     7 |     6 |     6 ||    62
 Cast: Summon Small Mamm |    18 |    35 |     2 |       ||    55
       Call Imp          |     9 |    38 |    15 |    11 ||    73
       Call Canine Famil |     4 |    16 |    34 |    15 ||    69
       Summon Lightning  |       |       |    10 |    15 ||    25
       Summon Ice Beast  |       |       |    55 |    52 ||   107
Invok: Channel Energy    |       |    49 |   130 |   104 ||   283
Evoke: Wand              |       |       |       |     1 ||     1
  Use: Potion            |     1 |     1 |       |       ||     2
       Scroll            |       |     3 |    13 |     6 ||    22
 Stab: Sleeping          |     6 |       |       |       ||     6
  Eat: Chunk             |     9 |    11 |    40 |    29 ||    89
